 Dungeon Crawl Stone Soup version 0.30.1-11-g7821555f0a (webtiles) character file.

Game seed: 1855475567874923890

3294 Queen the Basher (level 9, -3/65 (71) HPs)
             Began as a Demonspawn Gladiator on Nov 11, 2023.
             Was an Initiate of Yredelemnul.
             Slain by a wight
             ... wielding a +2 great sword of flaming
              (4 damage)
             ... on level 7 of the Dungeon.
             The game lasted 00:35:30 (8031 turns).

Queen the Basher (Demonspawn Gladiator)             Turns: 8031, Time: 00:35:31

HP:   -3/65 (71)    AC:  6    Str: 18    XL:     9   Next: 69%
MP:   9/9           EV: 16    Int:  9    God:    Yredelemnul [......]
Gold: 102           SH:  4    Dex: 22    Spells: 8/8 levels left

rFire   . . .        b - +0 dire flail
rCold   . . .        (shield currently unavailable)
rNeg    . . .        r - +0 leather armour
rPois   .            q - +2 hat
rElec   .            (no cloak)
rCorr   .            (no gloves)
SInv    .            k - +0 pair of boots
Will    .....        t - amulet of faith
Stlth   ++           c - +6 ring of dexterity
HPRegen 0.30/turn    (no ring)
MPRegen 0.11/turn

%: faith
@: drained
A: hooves 2, large bone plates 1, spiny 2
a: Renounce Religion, Recall Undead Harvest


You were on level 7 of the Dungeon.
You worshipped Yredelemnul.
Yredelemnul was noncommittal.
You visited 2 branches of the dungeon, and saw 8 of its levels.

You collected 421 gold pieces.
You spent 319 gold pieces at shops.

Inventory:

Hand Weapons
 a - a +1 whip of flaming
 b - a +0 dire flail (weapon)
Missiles
 d - 4 throwing nets
 y - 11 boomerangs (quivered)
 J - 4 curare-tipped darts
 K - 8 poisoned darts
 L - 4 stones
Armour
 k - a +0 pair of boots (worn)
 q - a +2 hat (worn)
 r - a +0 leather armour (worn)
Jewellery
 c - a +6 ring of dexterity (left hand)
 t - an amulet of faith (around neck)
 w - a ring of fire
Wands
 A - a wand of flame (9)
Scrolls
 e - a scroll of blinking {unknown}
 g - 3 scrolls of fear
 h - a scroll of torment {unknown}
 j - 2 scrolls of immolation
 l - a scroll of identify {unknown}
 o - a scroll of summoning {unknown}
 s - a scroll of vulnerability {unknown}
 u - a scroll of enchant armour {unknown}
 v - a scroll of enchant weapon {unknown}
 x - 2 scrolls of noise {unknown}
 z - 2 scrolls of fog
 C - a scroll of amnesia {unknown}
 E - 2 scrolls of teleportation {unknown}
 F - a scroll of magic mapping {unknown}
Potions
 f - 3 potions of might
 i - 3 potions of curing {unknown}
 m - a potion of heal wounds
 n - 3 potions of flight
 p - 3 potions of cancellation {unknown}
 B - a potion of haste {unknown}
 D - a potion of lignification {unknown}
 G - a potion of degeneration
 H - a potion of magic {unknown}
 I - 2 potions of mutation


   Skills:
 + Level 6.6 Fighting
 * Level 8.8 Maces & Flails
 - Level 5.0 Throwing
 + Level 6.4 Dodging


You had 8 spell levels left.
You didn't know any spells.
Your spell library contained the following spells:

 Spells                   Type           Power      Damage    Failure   Level
 Magic Dart               Conj           0%         1d3       43%         1
 Call Imp                 Summ           0%         N/A       58%         2
 Sublimation of Blood     Necr           0%         N/A       58%         2
 Wereblood                Tmut           0%         N/A       58%         2
 Mephitic Cloud           Conj/Pois/Air  0%         N/A       82%         3
 Summon Forest            Summ/Tloc      0%         N/A       100%        5
 Eringya's Noxious Bog    Tmut/Pois      0%         N/A       100%        6
 Summon Hydra             Summ           0%         N/A       100%        7


Dungeon Overview and Level Annotations

Branches:
Dungeon (7/15)             Temple (1/1) D:5

Altars:
Ashenzari
Dithmenos
Fedhas
Hepliaklqana
Kikubaaqudgha
Makhleb
Nemelex Xobeh
Qazlal
Ru
Sif Muna
Uskayaw
Yredelemnul

Shops:
D:5 (   D:6 !

Annotations:
D:6 exclusion: downstairs


Innate Abilities, Weirdness & Mutations

You have hoof-like feet.
You are partially covered in large bone plates. (SH +4)
You are mostly covered in sharp spines.


Message History

The wight is severely damaged.
The wight hits your gnoll zombie with a +0 dire flail!
Your gnoll zombie closely misses the wight.
You hit the wight but do no damage.
The wight is severely damaged.
The wight is struck by your spines.
You destroy the wight!
The wight hits your gnoll zombie with a +2 great sword of flaming!
The wight burns your gnoll zombie.
Your gnoll zombie is destroyed!
You hit the wight but do no damage. The wight closely misses you.
You hit the wight but do no damage.
The wight hits you with a +2 great sword of flaming!
The wight burns you.
You hit the wight but do no damage. The wight is struck by your spines.
The wight hits you with a +2 great sword of flaming!
The wight burns you.
You barely miss the wight.
The wight is lightly damaged.
The wight hits you with a +2 great sword of flaming!
The wight burns you.
You are too injured to fight recklessly!
You hit the wight.
The wight is lightly damaged.
You block the wight's attack.
You hit the wight but do no damage.
The wight is lightly damaged.
The wight is struck by your spines.
The wight hits you with a +2 great sword of flaming!
* * * LOW HITPOINT WARNING * * *
The wight burns you.
* * * LOW HITPOINT WARNING * * *
You see here a +0 robe.
You see here a +0 dagger.
The wight attacks as you move away! The wight is struck by your spines.
The wight hits you with a +2 great sword of flaming!
* * * LOW HITPOINT WARNING * * *
You feel drained.
You die...
Your body rises from the dead as a mindless zombie.

#.######## ###.####
#......# #.##.#.#####
#.##.#.....#
.###.##.#####)########
......)>)...)........+
.....##...z.#)########
..#####.###@#.#
#.#<))#Z# #######.#
.....#.#########
............[<..#
#####......)[...###
#.#...[.....[.#
#.#.........#o#
#.#.###.....#[#


You could see a wight.

Vanquished Creatures
  A hornet (D:6)
  Eustachio (D:6)
  A sky beast (D:6)
  2 black bears
  2 ogres (D:6)
  2 phantoms
  3 lemures (D:6)
  2 kobold brigands
  2 scorpions
  7 wights
  4 hounds
  An orc priest (D:7)
  A sleepcap (D:6)
  5 iguanas
  6 orc wizards
  11 gnolls
  5 adders
  A white imp (D:7)
  2 worms
  3 dart slugs
  11 orcs
  6 endoplasms
  3 giant cockroaches
  8 hobgoblins
  7 jackals
  16 kobolds
  2 quokkas
  5 ball pythons
  7 bats
  4 frilled lizards (D:2)
  5 goblins
  6 rats
142 creatures vanquished.

Vanquished Creatures (collateral kills)
  Pikel (D:6)
  Grinder (D:5)
  A black bear (D:6)
  A lemure (D:6)
  An ogre (D:5)
  A kobold brigand (D:6)
  3 hounds (D:6)
  An iguana (D:5)
  An orc wizard (D:5)
  A gnoll (D:7)
  An iguana zombie (D:5)
  A dart slug (D:5)
  5 orcs
  3 kobolds (D:6)
22 creatures vanquished.

Vanquished Creatures (others)
  A hound zombie (D:7)
  2 iguana zombies (D:5)
  A spectral white imp (D:7)
  An adder zombie (D:5)
  2 dart slug zombies (D:5)
  4 gnoll zombies (D:7)
  3 kobold zombies (D:7)
  9 orc zombies
23 creatures vanquished.

Grand Total: 187 creatures vanquished

Notes
Turn   | Place    | Note
-------+----------+-------------------------------------------
     0 | D:1      | Queen the Demonspawn Gladiator began the quest for the Orb.
     0 | D:1      | Reached XP level 1. HP: 16/16 MP: 1/1
   192 | D:1      | Reached skill level 3 in Maces & Flails
   211 | D:1      | Gained mutation: You are partially covered in large bone
                  | plates. (SH +4) [demonic ancestry]
   211 | D:1      | Reached XP level 2. HP: 22/22 MP: 2/2
   873 | D:2      | Gained mutation: You are partially covered in sharp spines.
                  | [demonic ancestry]
   873 | D:2      | Reached XP level 3. HP: 28/28 MP: 3/3
   974 | D:2      | Found a faded altar of an unknown god.
  1595 | D:3      | Gained mutation: You have large cloven feet. [demonic
                  | ancestry]
  1595 | D:3      | Reached XP level 4. HP: 20/34 MP: 4/4
  3144 | D:3      | Reached XP level 5. HP: 41/41 MP: 5/5
  3555 | D:4      | Reached skill level 4 in Maces & Flails
  3572 | D:4      | Found a sparkling altar of Nemelex Xobeh.
  3860 | D:4      | Gained mutation: You have hoof-like feet. [demonic
                  | ancestry]
  3860 | D:4      | Reached XP level 6. HP: 47/47 MP: 6/6
  4282 | D:5      | Entered Level 5 of the Dungeon
  4286 | D:5      | Found a staircase to the Ecumenical Temple.
  4290 | D:5      | Reached skill level 5 in Maces & Flails
  4295 | D:5      | Reached XP level 7. HP: 48/53 MP: 7/7
  4303 | Temple   | Entered the Ecumenical Temple
  4360 | Temple   | Became a worshipper of Yredelemnul the Dark
  4414 | D:5      | Reached * piety under Yredelemnul
  4599 | D:5      | Reached ** piety under Yredelemnul
  4915 | D:5      | Noticed Grinder
  4940 | D:5      | Killed Grinder
  4941 | D:5      | Reached skill level 6 in Maces & Flails
  4941 | D:5      | Reached XP level 8. HP: 61/61 MP: 3/8
  5039 | D:5      | Found Hixzisaaj's Antique Weapon Shoppe.
  5521 | D:6      | Reached skill level 5 in Dodging
  5543 | D:6      | Reached skill level 5 in Fighting
  5596 | D:6      | Noticed a hornet
  5602 | D:6      | Found a stormy altar of Qazlal.
  5621 | D:6      | Noticed Eustachio
  5632 | D:6      | Killed Eustachio
  5667 | D:6      | Reached skill level 7 in Maces & Flails
  5675 | D:6      | Reached *** piety under Yredelemnul
  5761 | D:6      | Found Ugheskec's Distillery.
  5764 | D:6      | Bought a potion of might for 44 gold pieces
  5764 | D:6      | Bought a potion of degeneration for 11 gold pieces
  5764 | D:6      | Bought a potion of flight for 33 gold pieces
  5764 | D:6      | Bought a potion of heal wounds for 55 gold pieces
  5835 | D:6      | Found a burning altar of Makhleb.
  5860 | D:6      | Noticed Pikel
  5879 | D:6      | Killed Pikel
  5880 | D:6      | Reached skill level 5 in Throwing
  5880 | D:6      | Gained mutation: You are mostly covered in sharp spines.
                  | [demonic ancestry]
  5880 | D:6      | Reached XP level 9. HP: 31/69 MP: 4/9
  6369 | D:6      | Found a shadowy altar of Dithmenos.
  6475 | D:6      | Reached skill level 8 in Maces & Flails
  6586 | D:6      | Found a hide-covered altar of Uskayaw.
  6625 | D:6      | Bought a potion of mutation for 88 gold pieces
  6625 | D:6      | Bought a potion of mutation for 88 gold pieces
  7192 | D:6      | Found a burning altar of Makhleb.
  7209 | D:6      | Found a stormy altar of Qazlal.
  7212 | D:6      | Found Ugheskec's Distillery.
  7320 | D:6      | Found a hide-covered altar of Uskayaw.
  7410 | D:6      | Found a shadowy altar of Dithmenos.
  8031 | D:7      | HP: 1/68 [wight/+2 great sword of flaming (17)]
  8031 | D:7      | Slain by a wight

Illustrated notes

Levels and vault maps discovered:
D:1:      scummos_arrival_gate, layout_basic, serial_bayou_pond_d
D:2:      layout_basic, serial_forest, infiniplex_forest_straight_1,
          infiniplex_forest_end_1, infiniplex_forest_lined_1,
          infiniplex_forest_side_room, infiniplex_forest_corner_1,
          infiniplex_forest_straight_4, infiniplex_forest_lined_3,
          infiniplex_forest_clump_curved, basic_ecumenical_altar,
          minmay_tetromino_l2
D:3:      layout_loops_corners
D:4:      layout_basic, nemelex_dance_club_becter
D:5:      layout_basic, minmay_temple_entry_gardened_gates, serial_shops, shop,
          uniq_grinder
D:6:      cheibrodos_thug_alley, layout_cave_pools,
          nicolae_qazlal_scattered_showers, nicolae_dithmenos_the_darkroom,
          marbit_many_paths, makhleb_heckhound_becter, serial_shops,
          kennysheep_mini, uniq_pikel, uniq_eustachio
D:7:      layout_basic, nicolae_wu_jian_immortal_techniques,
          dreamdust_gnoll_farm
Temple:   zaba_magenta_temple

Skill      XL: |  1  2  3  4  5  6  7  8  9 |
---------------+----------------------------+-----
Maces & Flails | 3 4 5 6 7 8 |  8.8
Throwing       | 2 3 4 5 |  5.0
Dodging        | 3 4 5 6 |  6.4
Fighting       | 3 4 5 6 |  6.6

Action                     |  1- 3 |  4- 6 |  7- 9 || total
---------------------------+-------+-------+-------++-------
  Melee: Flail             |    85 |   108 |   108 ||   301
         Punch             |       |       |     3 ||     3
         Whip              |       |       |   107 ||   107
         Dire flail        |       |       |    13 ||    13
  Throw: Javelin           |       |     1 |     1 ||     2
         Boomerang         |       |       |    16 ||    16
 Invoke: Recall Undead Har |       |       |    11 ||    11
         Dark Bargain      |       |       |     6 ||     6
    Use: Scroll            |       |     1 |     2 ||     3
         Potion            |       |     1 |     1 ||     2
   Stab: Distracted        |     1 |     1 |     3 ||     5
         Sleeping          |       |     2 |     2 ||     4
 Armour: Leather armour    |    21 |    35 |    38 ||    94
  Dodge: Dodged            |    48 |    49 |   102 ||   199
  Block: Other             |    16 |    21 |    36 ||    73
